 Dungeon Crawl Stone Soup version 0.16.1-28-gcc2312f (webtiles) character file.

73 sqallbeste the Skirmisher (level 4, -3/42 HPs)
             Began as a Naga Fighter on June 4, 2015.
             Slain by sqallbeste's ghost (7 damage)
             ... on level 3 of the Dungeon.
             The game lasted 00:07:43 (1692 turns).

sqallbeste the Skirmisher (Naga Fighter)            Turns: 1692, Time: 00:07:43

Health: -3/42      AC:  6    Str: 24    XL:     4   Next: 27%
Magic:  4/4        EV:  5    Int:  8    God:
Gold:   106        SH:  9    Dex: 11    Spells: 0 memorised, 3 levels left

rFire  . . .     SeeInvis +     a - +0 flail
rCold  . . .     Clarity  .     b - +0 scale mail
rNeg   . . .     SustAb   .     c - +0 shield
rPois  +         Gourm    .     (no helmet)
rElec  .         Spirit   .     j - +0 cloak
rCorr  .         Warding  .     (no gloves)
rMut   .         Stasis   .     (no barding)
MR     .....                    (no amulet)
Stlth  +.........               (no ring)
                                (no ring)

@: mighty, short of breath, very slow, not resistant to hostile enchantments,
very unstealthy
A: spit poison, see invisible, deformed body, poison resistance, slowness 2, AC
+1
a: Spit Poison


You were on level 3 of the Dungeon.
You were not hungry.

You visited 1 branch of the dungeon, and saw 3 of its levels.

You collected 106 gold pieces.

Inventory:

Hand weapons
 a - a +0 flail (weapon)
Armour
 b - a +0 scale mail (worn)
 c - a +0 shield (worn)
 j - a +0 cloak (worn)
Scrolls
 f - a scroll of noise
 h - 4 scrolls of identify
Potions
 g - a potion of resistance
Comestibles
 d - a bread ration


   Skills:
 * Level 3.5 Fighting
 + Level 2.3 Maces & Flails
 + Level 3.0 Armour
 - Level 0.1 Dodging
 * Level 2.1 Stealth
 + Level 2.8 Shields


You had 3 spell levels left.
You didn't know any spells.

Dungeon Overview and Level Annotations

Branches:
Dungeon (3/15)

Altars:
Qazlal

Annotations:
D:3 sqallbeste's ghost, average DsAK


Innate Abilities, Weirdness & Mutations

You cannot wear boots.
You can spit poison.
Your serpentine skin is tough (AC +1).
You have supernaturally acute eyesight.
Armour fits poorly on your strangely shaped body.
Your system is resistant to poisons.
You cover ground very slowly.


Message History

You closely miss sqallbeste's ghost. Sqallbeste's ghost hits you!
Your scale mail prevents you from hitting sqallbeste's ghost.
Sqallbeste's ghost hits you. x2
You hit sqallbeste's ghost but do no damage.
Sqallbeste's ghost hits you.
You closely miss sqallbeste's ghost.
Sqallbeste's ghost completely misses you.
Use which ability? (? or * to list)
Press: ? - help, Shift-Dir - straight line, f/p - sqallbeste's ghost
Aim: sqallbeste's ghost, wielding a weapon of protection The splash of poison misses sqallbeste's ghost.
You feel slightly more hungry.
Sqallbeste's ghost wails.
Sqallbeste's ghost hits you.
* * * LOW HITPOINT WARNING * * *
You closely miss sqallbeste's ghost. Sqallbeste's ghost barely misses you.
Sqallbeste's ghost hits you.
* * * LOW HITPOINT WARNING * * *
You barely miss sqallbeste's ghost. Sqallbeste's ghost hits you!
You die...

### ####### #.# #...(.#
#.#######
#(.(..#####.........
#(....'.........<...
#)....#####@#####...
#.........# #W#####...
#....(....# #.........
#...............!.......
#....#<##.#####........
#....#.##.# #........
.....#.##.# ......#..
....#.##.# #.#.#.#
##.##.# #.#.#.#


You could see sqallbeste's ghost.

Vanquished Creatures
  2 adders (D:2)
  2 worms (D:2)
  A giant gecko (D:2)
  4 bats (D:1)
  7 goblins
  2 hobgoblins (D:1)
  5 jackals (D:1)
  7 kobolds
  A giant cockroach (D:2)
  5 giant newts (D:1)
  6 rats
42 creatures vanquished.

Notes
Turn   | Place    | Note
--------------------------------------------------------------
     0 | D:1      | sqallbeste, the Naga Fighter, began the quest for the Orb.
     0 | D:1      | Reached XP level 1. HP: 21/21 MP: 1/1
    31 | D:1      | Reached skill level 1 in Stealth
    86 | D:1      | Reached XP level 2. HP: 2/28 MP: 2/2
    86 | D:1      | HP: 1/28 [jackal (1)]
   648 | D:1      | Reached XP level 3. HP: 29/34 MP: 3/3
  1004 | D:2      | Reached XP level 4. HP: 14/42 MP: 4/4
  1290 | D:2      | Found a stormy altar of Qazlal.
  1676 | D:3      | Noticed sqallbeste's ghost (average DsAK)
  1692 | D:3      | Slain by sqallbeste's ghost

Action                   |  1- 3 |  4- 6 || total
-------------------------+-------+-------++-------
Melee: Flail             |   104 |    31 ||   135
 Abil: Spit Poison       |    12 |     7 ||    19
  Use: Scroll            |     6 |     2 ||     8
       Potion            |     1 |     3 ||     4
  Eat: Bread ration      |     1 |       ||     1
